 Dungeon Crawl Stone Soup version 0.22-a0-379-ga9d99d6 (webtiles) character file.

214 sankara the Ruffian (level 5, -7/45 HPs)
             Began as a Ghoul Monk on Apr 28, 2018.
             Mangled by an iguana (8 damage)
             ... on level 4 of the Dungeon.
             The game lasted 00:04:55 (1503 turns).

sankara the Ruffian (Ghoul Monk)                    Turns: 1503, Time: 00:04:56

Health: -7/45      AC:  3    Str: 15    XL:     5   Next: 92%
Magic:  4/4        EV: 12    Int:  6    God:
Gold:   63         SH:  0    Dex: 11    Spells: 4/4 levels left

rFire    . . .     SeeInvis .     - Unarmed
rCold    + . .     Gourm    .   (no shield)
rNeg     + + +     Faith    .   a - +1 robe
rPois    ∞         Spirit   .   (no helmet)
rElec    .         Reflect  .   (no cloak)
rCorr    .         Harm     .   (no gloves)
MR       .....                  (no boots)
Stlth    ++........             (no amulet)
HPRegen  0.00/turn              (no ring)
MPRegen  0.09/turn              (no ring)

@: rotting
A: rotting body, claws 1, carnivore, cold resistance 1, negative energy
resistance 3, inhibited regeneration, torment resistance, unbreathing
a: no special abilities


You were on level 4 of the Dungeon.
You were hungry.

You visited 1 branch of the dungeon, and saw 4 of its levels.

You collected 63 gold pieces.

Inventory:

Missiles
 e - 3 javelins (quivered)
 h - 25 stones
Armour
 a - a +1 robe (worn)
Magical Staves
 b - an uncursed staff of wizardry {wiz+, !a}
   (You found it on level 4 of the Dungeon)
Scrolls
 c - a scroll of enchant armour
Potions
 g - 2 potions of curing {unknown}
Comestibles
 d - 2 rations


   Skills:
 - Level 3.3 Fighting
 - Level 2.7 Dodging
 - Level 2.2 Stealth
 + Level 7.0 Unarmed Combat


You had 4 spell levels left.
You didn't know any spells.

Dungeon Overview and Level Annotations

Branches:
Dungeon (4/15)
 Temple: D:4-7

Altars:
Vehumet

Shops:
D:4 (

Annotations:
D:4 exclusion: adder


Innate Abilities, Weirdness & Mutations

Your body is rotting away.
You thrive on raw meat.
You are immune to poison.
You have sharp fingernails.
You are carnivorous and can eat meat at any time.
Your flesh is cold resistant. (rC+)
You are immune to negative energy. (rN+++)
You do not regenerate when monsters are visible.
You are immune to unholy pain and torment.
You can survive without breathing.


Message History

You start resting.
You scratch the phantom.
The phantom is lightly damaged.
The phantom closely misses you.
You closely miss the phantom.
The phantom is lightly damaged.
The phantom misses you.
You scratch the phantom.
The phantom is moderately damaged.
The phantom hits you!
You are too injured to fight recklessly!
You are too injured to fight recklessly!
You are too injured to fight recklessly!
You are too injured to fight recklessly!
You closely miss the phantom.
The phantom is moderately damaged.
The phantom closely misses you.
You barely miss the phantom.
The phantom is moderately damaged.
The phantom hits you!
You scratch the phantom. Your claw misses the phantom.
The phantom is moderately damaged.
The phantom hits you.
You miss the phantom.
The phantom is moderately damaged.
You claw the phantom!
The phantom is severely damaged.
The phantom blinks!
Throwing (i - inventory. (/) - cycle)
h - 25 stones (quivered)
Press: ? - help, Shift-Dir - straight line, f - phantom
Aim: a phantom (severely damaged)
You throw a stone.
The stone hits the phantom but does no damage.
The phantom is severely damaged.
Quiver which item? (- for none, * to show all) (? for menu, Esc to quit)
Quivering
e - 3 javelins for throwing.
Throwing (i - inventory. (/) - cycle)
e - 3 javelins (quivered)
Press: ? - help, Shift-Dir - straight line, f/p - phantom
Aim: a phantom (severely damaged)
You throw a javelin.
The javelin hits the phantom but does no damage.
The phantom is severely damaged.
Throwing (i - inventory. (/) - cycle)
e - 2 javelins (quivered)
Press: ? - help, Shift-Dir - straight line, f/p - phantom
Aim: a phantom (severely damaged)
You throw a javelin. The javelin closely misses the phantom.
Throwing (i - inventory. (/) - cycle)
e - a javelin (quivered)
Press: ? - help, Shift-Dir - straight line, f/p - phantom
Aim: a phantom (severely damaged)
You throw a javelin. The javelin closely misses the phantom.
You hear the brisk hiss of a distant avalanche of sand.
You miss the phantom.
The phantom is severely damaged.
The phantom hits you!
* * * LOW HITPOINT WARNING * * *
You scratch the phantom.
The phantom is severely damaged.
The phantom blinks!
The phantom blinks!
Throwing (i - inventory)
h - 24 stones (quivered)
Press: ? - help, Shift-Dir - straight line, f/p - phantom
Aim: a phantom (severely damaged)
You throw a stone. The stone misses the phantom.
Throwing (i - inventory)
h - 23 stones (quivered)
Press: ? - help, Shift-Dir - straight line, f/p - phantom
Aim: a phantom (severely damaged)
You throw a stone. The stone closely misses the phantom.
All of the chunks of flesh in your inventory have rotted away.
You claw the phantom!
The phantom is almost destroyed.
The phantom completely misses you.
You scratch the phantom.
The phantom is almost destroyed.
The phantom blinks!
The phantom blinks!
You claw the phantom!
You destroy the phantom!
Your Unarmed Combat skill increases to level 7!
h - 23 stones (gained 1);
e - 2 javelins
e - 3 javelins (gained 1)
h - 24 stones (gained 1)
h - 25 stones (gained 1)
You start resting.
You hear the brisk hiss of a distant avalanche of sand.
An iguana comes into view.
The iguana hisses angrily.
An adder skeleton comes into view.
The iguana closely misses you.
You closely miss the iguana. The iguana closely misses you.
You closely miss the iguana. You closely miss the iguana. The iguana bites you!
* * * LOW HITPOINT WARNING * * *
You claw the iguana!
The iguana is severely wounded.
The iguana bites you!
* * * LOW HITPOINT WARNING * * *
You barely miss the iguana.
The iguana is severely wounded.
The iguana bites you!
You die...

#.##.#
#######.##.###
.............#
########.#.#.# #
#...#.# ##
##....# .#
#..#.## .#
##..#.########..
.##
#....##..@lZ.....
..#
#.##.#.####.####.
#.## #. #..# #
#..# # ##. .#.# #
.#.##### .......>
....<### .>.)#.#


You could see an iguana and an adder skeleton.

Vanquished Creatures
  A phantom (D:4)
  A scorpion (D:4)
  A hound (D:4)
  A hound skeleton (D:4)
  An adder (D:4)
  A worm (D:4)
  A leopard gecko (D:1)
  6 bats (D:1)
  2 giant cockroaches
  2 goblins (D:1)
  2 hobgoblins
  A quokka (D:2)
  A kobold (D:1)
  3 rats
24 creatures vanquished.

Notes
Turn   | Place    | Note
-------+----------+-------------------------------------------
     0 | D:1      | sankara the Ghoul Monk began the quest for the Orb.
     0 | D:1      | Reached XP level 1. HP: 19/19 MP: 0/0
   362 | D:1      | Reached XP level 2. HP: 20/25 MP: 1/1
   677 | D:1      | Reached skill level 4 in Unarmed Combat
  1149 | D:4      | Found a radiant altar of Vehumet.
  1201 | D:4      | Reached skill level 5 in Unarmed Combat
  1201 | D:4      | Reached XP level 3. HP: 27/31 MP: 2/2
  1214 | D:4      | Reached XP level 4. HP: 34/38 MP: 3/3
  1289 | D:4      | Found Judy's Weapon Emporium.
  1376 | D:4      | Reached skill level 6 in Unarmed Combat
  1376 | D:4      | Reached XP level 5. HP: 39/45 MP: 4/4
  1393 | D:4      | Noticed a phantom
  1433 | D:4      | Killed a phantom
  1433 | D:4      | Reached skill level 7 in Unarmed Combat
  1501 | D:4      | HP: 9/45 [iguana (12)]
  1502 | D:4      | HP: 1/45 [iguana (8)]
  1503 | D:4      | Mangled by an iguana

Vault maps used:
D:1:      saegor_arrival_under_anarchy, minivault_27, minivault_11
D:3:      nicolae_overflow_crystal_walls, gammafunk_temple_overflow_statue,
          first_ration, grunt_ministairs_4, uniq_ijyb, uniq_robin,
          uniq_crazy_yiuf_cottage
D:4:      old_forge, lemuel_crystal_altar, serial_shops, shop,
          lightli_ossuary_entry_decrepit_ruins, uniq_grinder

Skill      XL: |  1  2  3  4  5 |
---------------+----------------+-----
Unarmed Combat | 5 6 7 |  7.0
Fighting       | |  3.3
Dodging        | |  2.7
Stealth        | |  2.2

Action                   |  1- 3 |  4- 6 || total
-------------------------+-------+-------++-------
Melee: Unarmed           |    58 |    27 ||    85
       Punch             |       |     2 ||     2
Throw: Javelin           |       |     3 ||     3
       Stone             |       |     3 ||     3
  Use: Scroll            |     3 |       ||     3
 Stab: Sleeping          |     6 |       ||     6
  Eat: Chunk             |     1 |       ||     1
Armor: Robe              |    10 |       ||    10
Dodge: Dodged            |    43 |     8 ||    51

Table legend:
 A = Spawn XP
 B = Non-spawn XP
 C = Spawn XP percentage of total XP
 D = Spawn monster count
 E = Non-spawn monster count
 F = Spawn count percentage of total count
 G = Total turns spent on level
                    A         B        C        D         E        F      G
               +---------+---------+-------+---------+---------+-------+---------
         Total |       0 |     307 |   0.0 |       0 |      24 |   0.0 |  1503
               +---------+---------+-------+---------+---------+-------+---------
           D:1 |       0 |      23 |   0.0 |       0 |      14 |   0.0 |  1016
           D:2 |       0 |       4 |   0.0 |       0 |       2 |   0.0 |    84
           D:3 |       0 |       3 |   0.0 |       0 |       2 |   0.0 |    15
           D:4 |       0 |     277 |   0.0 |       0 |       6 |   0.0 |   388
               +---------+---------+-------+---------+---------+-------+---------

Vault maps used:
D:1:      saegor_arrival_under_anarchy, minivault_27, minivault_11
D:3:      nicolae_overflow_crystal_walls, gammafunk_temple_overflow_statue,
          first_ration, grunt_ministairs_4, uniq_ijyb, uniq_robin,
          uniq_crazy_yiuf_cottage
D:4:      old_forge, lemuel_crystal_altar, serial_shops, shop,
          lightli_ossuary_entry_decrepit_ruins, uniq_grinder

Table legend:
 A = Turns spent in this place as a percentage of turns spent in the entire game.
 B = Non-inter-level travel turns spent in this place as a percentage of non-inter-level travel turns spent in the entire game.
 C = Inter-level travel turns spent in this place as a percentage of turns spent in this place.
 D = Turns resting spent in this place as a percentage of non-inter-level travel turns spent in this place.
 E = Turns spent auto-exploring this place as a percentage of non-inter-level travel turns spent in this place.
 F = Non-inter-level travel turns spent in this place divided by the number of levels of this place that you've seen.
                   A       B       C       D       E      F
               +-------+-------+-------+-------+-------+----------------------
         Total | 100.0 | 100.0 |   3.1 |  27.1 |  52.9 | 364.2
       Dungeon | 100.0 | 100.0 |   3.1 |  27.1 |  52.9 | 364.2
               +-------+-------+-------+-------+-------+----------------------

Table legend:
 A = Kills in this place as a percentage of kills in entire the game.
 B = Kills by you in this place as a percentage of kills by you in the entire game.
 C = Kills by friends in this place as a percentage of kills by friends in the entire game.
 D = Other kills in this place as a percentage of other kills in the entire game.
 E = Experience gained in this place as a percentage of experience gained in the entire game.
 F = Experience gained in this place divided by the number of levels of this place that you have seen.
                   A       B       C       D       E      F
               +-------+-------+-------+-------+-------+----------------------
         Total | 100.0 | 100.0 |   N/A |   N/A | 100.0 |  76.8
       Dungeon | 100.0 | 100.0 |   N/A |   N/A | 100.0 |  76.8
               +-------+-------+-------+-------+-------+----------------------
